Map: [ESL] Stargazers

Players

SpeCial - Winner!

  • Race: Terran Terran
  • Spawn Location: 11:00

uThermal

  • Race: Terran Terran
  • Spawn Location: 1:00

Event: DreamHack SC2 Masters 2022 Valencia

VOD

Have the link to the VOD?

Description

Time

  • Played on: July 2, 2022, 5:50 a.m.
  • Length: 7:22

All games in this series

Show
View Real Time Build Order
Export as new Build Order

SpeCial Terran - Winner!

Build Orders: Mech 

Get SALT Encoding   

  12  0:00  SCV  
  13  0:12  SCV  
  14  0:17  Supply Depot  
  14  0:24  SCV  
  15  0:39  SCV  
  15  0:40  Barracks  
  15  0:42  Refinery  
  16  0:51  SCV  
  16  0:52  Refinery  
  17  1:03  SCV  
  18  1:15  SCV  
  19  1:27  Orbital Command, Reaper  
  19  1:30  Supply Depot  
  20  1:41  Factory  
  20  1:53  SCV  
  21  2:00  Barracks Reactor  
  21  2:05  SCV  
  22  2:17  SCV  
  22  2:19  Command Center  
  23  2:28  Hellion  
  25  2:31  Starport  
  25  2:35  SCV  
  26  2:37  Marine  
  26  2:39  Marine  
  27  2:47  Supply Depot  
  27  2:48  SCV  
  27  2:50  Factory Tech Lab  
  28  2:58  Marine  
  28  2:59  Marine  
  28  3:01  SCV  
  31  3:09  Cyclone  
  34  3:15  Viking  
  36  3:21  Marine x2  
  36  3:24  SCV  
  38  3:33  Orbital Command  
  38  3:36  SCV  
  38  3:39  Marine  
  40  3:42  Marine  
  40  3:45  Cyclone  
  44  3:49  Starport Tech Lab  
  44  3:51  SCV  
  44  3:54  Supply Depot  
  45  3:58  SCV  
  45  4:01  Refinery  
  46  4:04  SCV  
  46  4:07  Marine  
  48  4:10  SCV  
  48  4:14  Raven  
  48  4:16  SCV  
  52  4:22  SCV  
  53  4:28  SCV  
  54  4:34  SCV  
  54  4:38  Siege Tank  
  56  4:40  SCV  
  59  4:47  SCV  
  59  4:50  Command Center  
  59  4:52  SCV  
  61  4:55  Supply Depot  
  61  4:58  Raven  
  61  4:59  SCV  
  62  5:11  Refinery  
  62  5:16  SCV x2, Siege Tank, Marine x2  
  69  5:28  SCV  
  69  5:29  Supply Depot  
  69  5:33  SCV  
  70  5:51  SCV x2, Siege Tank, Supply Depot  
  75  5:57  Viking, Engineering Bay  
  75  6:00  Factory  
  75  6:01  Factory  
  75  6:03  SCV  
  78  6:06  Supply Depot  
  78  6:13  Viking, SCV  
  78  6:15  SCV  
  82  6:19  Barracks Reactor  
  82  6:21  Orbital Command  
  82  6:25  SCV  
  83  6:27  SCV  
  83  6:31  Siege Tank  
  87  6:36  Missile Turret  
  87  6:37  Viking, SCV  
  87  6:39  SCV  
  91  6:43  Viking  
  93  6:48  Siege Tank  
  93  6:49  SCV  
  93  6:50  SCV  
  93  6:51  SCV  
  95  7:01  SCV  
  95  7:02  SCV  
  95  7:03  SCV  
Show
View Real Time Build Order
Export as new Build Order

uThermal Terran 

Build Orders: 1/1/1 

Get SALT Encoding   

  12  0:00  SCV  
  13  0:12  SCV  
  14  0:16  Supply Depot  
  14  0:24  SCV  
  14  0:28  Refinery  
  15  0:38  SCV  
  16  0:44  Barracks  
  16  0:50  SCV  
  16  0:54  Refinery  
  17  1:02  SCV  
  18  1:14  SCV  
  19  1:31  Orbital Command, Reaper  
  20  1:35  Factory  
  20  1:47  Supply Depot  
  20  1:56  SCV  
  21  2:03  Barracks Reactor  
  21  2:08  SCV  
  22  2:18  Hellion  
  22  2:20  SCV  
  22  2:21  Starport  
  25  2:33  SCV  
  25  2:35  Supply Depot  
  26  2:52  Command Center  
  26  2:53  SCV  
  27  2:58  Factory Tech Lab, Starport Tech Lab  
  27  3:00  Marine  
  27  3:02  Marine  
  29  3:06  SCV  
  30  3:18  SCV, Marine  
  32  3:20  Marine  
  32  3:27  Cyclone  
  36  3:30  Raven  
  38  3:34  Supply Depot  
  38  3:37  Refinery  
  38  3:40  SCV  
  39  3:55  SCV, Marine x2  
  39  3:59  Siege Tank  
  45  4:06  Orbital Command  
  45  4:08  SCV  
  46  4:13  Raven  
  46  4:14  Marine x2  
  50  4:21  Supply Depot  
  50  4:24  SCV  
  50  4:31  Siege Tank  
  54  4:32  Marine  
  54  4:35  SCV  
  54  4:36  Marine  
  57  4:39  SCV  
  58  4:46  Supply Depot  
  58  4:47  SCV  
  58  4:50  Marine  
  58  4:51  SCV  
  61  4:56  Raven  
  61  4:59  SCV  
  62  5:02  Supply Depot  
  62  5:03  SCV  
  63  5:08  Siege Tank  
  63  5:09  Marine  
  63  5:11  SCV, Marine  
  69  5:15  SCV  
  69  5:18  Supply Depot  
  70  5:23  SCV  
  70  5:27  SCV  
  70  5:28  Marine x2  
  73  5:35  SCV  
  73  5:38  Command Center  
  73  5:40  Raven  
  76  5:44  Siege Tank  
  76  5:46  Marine  
  76  5:47  Marine  
  81  5:51  Refinery, SCV  
  81  5:52  SCV  
  81  5:56  Supply Depot  
  83  6:03  SCV  
  84  6:04  SCV  
  84  6:05  Marine x2  
  84  6:06  Supply Depot  
  86  6:15  SCV  
  86  6:16  SCV, Siege Tank  
  91  6:27  SCV  
  91  6:29  SCV  
  90  6:38  Barracks x2, Starport Reactor  
  90  6:39  SCV  
  90  6:41  Engineering Bay, SCV  
  90  6:42  Engineering Bay  
  91  6:48  Siege Tank  
  91  6:51  SCV  
  91  6:53  SCV  
  90  7:03  SCV  
  90  7:05  SCV  

Tags
 
Add a new tag
Caveats
  • Supply blocks, unpowered buildings, or Contaminate may cause inaccurate times.
  • Supply counts are checked every 10 seconds.